 Dungeon Crawl Stone Soup version 0.27-a0-1105-g946c659c87 (webtiles) character file.

Game seed: 17198716762544153835

92 rjrrt the Chopper (level 4, -2/52 HPs)
             Began as a Demonspawn Berserker on Apr 30, 2021.
             Was a Believer of Trog.
             Slain by an orc
             ... wielding a +0 mace
              (4 damage)
             ... on level 3 of the Dungeon.
             The game lasted 00:03:05 (2516 turns).

rjrrt the Chopper (Demonspawn Berserker)            Turns: 2516, Time: 00:03:06

Health: -2/52      AC:  3    Str: 18    XL:     4   Next: 35%
Magic:  4/4        EV: 12    Int:  8    God:    Trog [**....]
Gold:   129        SH:  0    Dex: 13    Spells: 3/3 levels left

rFire    . . .     SeeInvis .   a - +0 hand axe
rCold    . . .     Faith    .   (no shield)
rNeg     . . .     Spirit   .   b - +0 animal skin
rPois    .         Reflect  .   (no helmet)
rElec    .         Harm     .   (no cloak)
rCorr    .         Rampage  .   e - +0 pair of gloves
Will     .....                  (no boots)
Stlth    ..........             (no amulet)
HPRegen  0.17/turn              (no ring)
MPRegen  0.09/turn              (no ring)

@: berserking (expiring), very quick
A: claws 1, ignite blood 1
a: Renounce Religion, Berserk, Trog's Hand


You were on level 3 of the Dungeon.
You worshipped Trog.
Trog was pleased with you.
You visited 1 branch of the dungeon, and saw 3 of its levels.

You collected 129 gold pieces.

Inventory:

Hand Weapons
 a - a +0 hand axe (weapon)
Missiles
 h - 6 javelins (quivered)
Armour
 b - a +0 animal skin (worn)
 e - a +0 pair of gloves (worn)
Scrolls
 c - a scroll of teleportation
Potions
 d - 2 potions of curing
 f - 2 potions of magic {unknown}
 j - a potion of cancellation {unknown}


   Skills:
 - Level 3.0 Fighting
 + Level 4.7 Axes
 - Level 1.7 Armour
 - Level 1.7 Dodging


You had 3 spell levels left.
You didn't know any spells.
Your spell library was empty.

Dungeon Overview and Level Annotations

Branches:
Dungeon (3/15)

Altars:
Okawaru


Innate Abilities, Weirdness & Mutations

You have sharp fingernails.
Your demonic aura sometimes causes spilled blood to erupt in flames


Message History

The orc completely misses you.
You slash the orc!
You kill the orc!
Trog accepts your kill.
An orc and an orc priest come into view.
The orc priest shouts!
The orc shouts!
The orc moves out of view.
Things that are here:
a +0 flail; a +0 leather armour You feel a strong urge to attack something.
An orc comes into view. It is wielding a +0 mace.
You slash the orc priest!
The orc priest is heavily wounded.
You hit the orc priest.
The orc priest is severely wounded.
The orc priest calls down the wrath of Beogh upon you.
Beogh smites you!
* * * LOW HITPOINT WARNING * * *
Unknown command.
You hit the orc priest.
The orc priest is almost dead.
The orc priest closely misses you.
Unknown command.
You slash the orc priest!
You kill the orc priest!
Trog accepts your kill.
You have reached level 4!
You feel agile.
Your demonic ancestry asserts itself...
Your fingernails lengthen.
The orc hits you with a +0 mace.
* * * LOW HITPOINT WARNING * * *
Found a stone staircase leading up.
You see here a +0 dagger.
Unknown command.
You barely miss the orc. You hit the orc.
The orc is engulfed in blazing flames.
You kill the orc!
Trog accepts your kill. The orc hits you with a +0 mace.
You die...

... ....##
....#.# .......
.......
.......##
.<....○o# #@#
.#####.######
........)....###
.######.####...#
#..##..###
##....##
#######...##
..........#
........#.#


You could see an orc.

Vanquished Creatures
  An orc priest (D:3)
  An adder (D:2)
  2 worms (D:2)
  A dart slug (D:1)
  2 orcs (D:3)
  9 endoplasms
  3 hobgoblins
  4 jackals (D:1)
  A quokka (D:3)
  4 ball pythons
  2 bats (D:2)
  3 frilled lizards (D:1)
  7 goblins
  3 kobolds
  2 rats
45 creatures vanquished.

Notes
Turn   | Place    | Note
-------+----------+-------------------------------------------
     0 | D:1      | rjrrt the Demonspawn Berserker began the quest for the Orb.
     0 | D:1      | Reached XP level 1. HP: 18/18 MP: 1/1
    35 | D:1      | Reached skill level 3 in Axes
    40 | D:1      | Gained mutation: Your demonic aura sometimes causes spilled
                  | blood to erupt in flames [demonic ancestry]
    40 | D:1      | Reached XP level 2. HP: 8/24 MP: 2/2
   903 | D:1      | Reached ** piety under Trog
  1154 | D:2      | Reached XP level 3. HP: 24/29 MP: 3/3
  1639 | D:2      | Reached skill level 4 in Axes
  1876 | D:2      | Found an iron altar of Okawaru.
  2258 | D:3      | Found a faded altar of an unknown god.
  2515 | D:3      | Gained mutation: You have sharp fingernails. [demonic
                  | ancestry]
  2515 | D:3      | Reached XP level 4. HP: 7/35 MP: 4/4
  2515 | D:3      | HP: 2/52 [orc/+0 mace (5)]
  2516 | D:3      | Slain by an orc

Illustrated notes

Levels and vault maps discovered:
D:1:      dpeg_arrival_shelter, layout_rooms, minmay_split_cup_small
D:2:      layout_loops_ring, basic_altar, grunt_ministairs_9, st_stairs_3
D:3:      layout_rooms, amcnicky_altar_gilded, ebering_ecumenical_altar_webs,
          minmay_misc_feat_tiny, uniq_natasha

Skill      XL: |  1  2  3 |
---------------+----------+-----
Axes           | 3 4 |  4.7
Fighting       | |  3.0
Armour         | |  1.7
Dodging        | |  1.7

Action                   |  1- 3 |  4- 6 || total
-------------------------+-------+-------++-------
Melee: Hand axe          |   147 |     1 ||   148
Invok: Berserk           |     2 |       ||     2
  Use: Scroll            |     6 |       ||     6
 Stab: Sleeping          |     1 |       ||     1
Armor: Animal skin       |    23 |       ||    23
Dodge: Dodged            |    89 |       ||    89

Table legend: (Time is in decaauts)
 A = Elapsed time spent in this place.
 B = Non-inter-level travel time spent in this place.
 C = Inter-level travel time spent in this place.
 D = Time resting spent in this place.
 E = Time spent auto-exploring this place.
 F = Levels seen in this place.
 G = Mean time per level.
                   A        B        C        D        E       F      G
               +--------+--------+--------+--------+--------+-----+--------+
         Total |   2536 |   2499 |     37 |    177 |   1899 |   3 |  845.3 |
       Dungeon |   2536 |   2499 |     37 |    177 |   1899 |   3 |  845.3 |
               +--------+--------+--------+--------+--------+-----+--------+

Top non-repeatable levels by time:
     D:2: 1227 daAuts
     D:1: 1051 daAuts
     D:3: 257 daAuts
